 Dungeon Crawl Stone Soup version 0.21-a0-504-g2eda330 (webtiles) character file.

215 slep the Slasher (level 5, -12/46 HPs)
             Began as a Minotaur Gladiator on Nov 25, 2017.
             Mangled by an ogre
             ... wielding a +0 giant club
              (16 damage)
             ... on level 4 of the Dungeon.
             The game lasted 00:06:58 (2581 turns).

slep the Slasher (Minotaur Gladiator)               Turns: 2581, Time: 00:06:59

Health: -12/46     AC:  6    Str: 18    XL:     5   Next: 60%
Magic:  13/13      EV: 12    Int:  5    God:
Gold:   85         SH:  0    Dex: 13    Spells: 4/4 levels left

rFire    . . .     SeeInvis .   a - +0 long sword
rCold    . . .     Gourm    .   (no shield)
rNeg     . . .     Faith    .   w - +0 ring mail
rPois    .         Spirit   .   c - +0 hat
rElec    .         Reflect  .   (no cloak)
rCorr    .         Harm     .   e - +0 pair of gloves
MR       .....                  (no boots)
Stlth    +.........             (no amulet)
HPRegen  0.15/turn              v - ring of magical power
MPRegen  0.13/turn              (no ring)

@: no status effects
A: retaliatory headbutt, horns 2
a: no special abilities


You were on level 4 of the Dungeon.
You were not hungry.

You visited 1 branch of the dungeon, and saw 4 of its levels.

You collected 85 gold pieces.

Inventory:

Hand Weapons
 a - a +0 long sword (weapon)
Missiles
 d - 3 throwing nets (quivered)
 g - 20 poisoned needles
Armour
 b - a +0 leather armour
 c - a +0 hat (worn)
 e - a +0 pair of gloves (worn)
 w - a +0 ring mail (worn)
 y - a +0 chain mail
Jewellery
 t - an uncursed ring of fire
 v - a ring of magical power (left hand)
Scrolls
 h - a scroll of remove curse {unknown}
 i - 2 scrolls of magic mapping {unknown}
 l - 2 scrolls of identify {unknown}
 m - a scroll of enchant weapon {unknown}
 q - a scroll of immolation {unknown}
 r - 2 scrolls of fog {unknown}
 s - 2 scrolls of blinking {unknown}
 u - a scroll of teleportation {unknown}
Potions
 j - 2 potions of ambrosia {unknown}
 n - a potion of invisibility {unknown}
 o - a potion of berserk rage {unknown}
 p - a potion of magic {unknown}
 x - a potion of curing {unknown}
Comestibles
 f - 7 bread rations
 k - 2 royal jellies


   Skills:
 + Level 3.7 Fighting
 + Level 5.8 Long Blades
 + Level 2.3 Throwing
 + Level 2.4 Armour
 + Level 3.9 Dodging
 + Level 0.3 Stealth


You had 4 spell levels left.
You didn't know any spells.

Dungeon Overview and Level Annotations

Branches:
Dungeon (4/15)
 Temple: D:4-7

Altars:
Elyvilon


Innate Abilities, Weirdness & Mutations

You reflexively headbutt those who attack you in melee.
You have a pair of horns on your head.


Message History

The orc priest barely misses you. The ogre hits you with a giant club!
You barely miss the orc priest.
The orc priest is severely wounded.
The orc priest hits you with a hand axe.
The ogre closely misses you.
You riposte.
You hit the ogre.
The ogre is lightly wounded.
You closely miss the orc priest. Your headbutt misses the orc priest.
The orc priest is severely wounded.
The orc priest calls down the wrath of Beogh upon you.
Beogh smites you!
* * * LOW HITPOINT WARNING * * *
You barely miss the orc priest.
The orc priest is severely wounded.
The ogre barely misses you. You furiously retaliate!
You headbutt the ogre! The orc priest barely misses you.
You hit the orc priest but do no damage.
You headbutt the orc priest.
The orc priest is almost dead.
The ogre hits you with a giant club!
You die...

...!.#(### ####
#......+ ....
+......# ....
#......#####....
#......)).......
#......)).......
##+###.....####.
#...[.# #?.o@.#
#...O.+ #.....#
#...... #.......
#........
#.........
..>.....###


You could see an ogre and an orc priest.

Vanquished Creatures
  A howler monkey (D:4)
  An orc priest (D:4)
  An orc wizard (D:4)
  Robin (D:3)
  2 adders
  2 oozes
  4 worms
  2 dart slugs (D:2)
  A leopard gecko (D:3)
  8 orcs
  A ball python (D:3)
  4 giant cockroaches
  12 goblins
  7 hobgoblins
  A quokka (D:3)
  2 bats (D:2)
  8 frilled lizards
  A jackal skeleton (D:4)
  2 kobolds
  A quokka skeleton (D:4)
  3 rats (D:1)
65 creatures vanquished.

Notes
Turn   | Place    | Note
-------+----------+-------------------------------------------
     0 | D:1      | slep the Minotaur Gladiator began the quest for the Orb.
     0 | D:1      | Reached XP level 1. HP: 18/18 MP: 0/0
   348 | D:1      | Reached XP level 2. HP: 18/25 MP: 1/1
   952 | D:2      | Reached skill level 4 in Long Blades
   998 | D:2      | Reached XP level 3. HP: 11/31 MP: 2/2
  1069 | D:2      | Found a white marble altar of Elyvilon.
  1478 | D:3      | Noticed Robin
  1639 | D:3      | Reached skill level 1 in Armour
  1640 | D:3      | Killed Robin
  1645 | D:3      | Reached XP level 4. HP: 22/38 MP: 3/3
  2482 | D:4      | Reached skill level 5 in Long Blades
  2533 | D:4      | Reached XP level 5. HP: 45/45 MP: 4/4
  2575 | D:4      | Noticed an ogre
  2581 | D:4      | Mangled by an ogre

Vault maps used:
D:1:      dpeg_arrival_refuge, grunt_decor_resistance
D:2:      elyvilon_altar_3, first_bread
D:3:      minmay_misc_feat_pillars, uniq_robin
D:4:      guppyfry_shop_venom

Skill      XL: |  1  2  3  4 |
---------------+-------------+-----
Long Blades    | 4 5 |  5.8
Fighting       | 3 |  3.7
Armour         | 1 2 |  2.4
Throwing       | |  2.3
Dodging        | |  3.9
Stealth        | |  0.3

Action                   |  1- 3 |  4- 6 || total
-------------------------+-------+-------++-------
Melee: Long sword        |    75 |    57 ||   132
       Headbutt          |     6 |    13 ||    19
  Eat: Chunk             |     2 |     3 ||     5
Armor: Leather armour    |    27 |     3 ||    30
       Ring mail         |       |    16 ||    16
Dodge: Dodged            |    51 |    34 ||    85
       Rpst.: Long sword |    15 |     7 ||    22

Table legend:
 A = Spawn XP
 B = Non-spawn XP
 C = Spawn XP percentage of total XP
 D = Spawn monster count
 E = Non-spawn monster count
 F = Spawn count percentage of total count
 G = Total turns spent on level
                    A         B        C        D         E        F      G
               +---------+---------+-------+---------+---------+-------+---------
         Total |       0 |     308 |   0.0 |       0 |      65 |   0.0 |  2581
               +---------+---------+-------+---------+---------+-------+---------
           D:1 |       0 |      16 |   0.0 |       0 |      11 |   0.0 |   848
           D:2 |       0 |      47 |   0.0 |       0 |      17 |   0.0 |   671
           D:3 |       0 |      84 |   0.0 |       0 |      24 |   0.0 |   956
           D:4 |       0 |     161 |   0.0 |       0 |      13 |   0.0 |   106
               +---------+---------+-------+---------+---------+-------+---------
